 Dungeon Crawl Stone Soup version 0.31-a0-986-g5e6e4ef867 (webtiles) character file.

Game seed: 5690964265585595305

524 Fodor the Covered (level 7, -2/60 HPs)
             Began as a Minotaur Fighter on Nov 7, 2023.
             Slain by an iguana (5 damage)
             ... on level 5 of the Dungeon.
             The game lasted 00:14:24 (3428 turns).

Fodor the Covered (Minotaur Fighter)                Turns: 3428, Time: 00:14:25

Health: -2/60      AC: 11    Str: 21 (23) XL:     7   Next: 2%
Magic:  2/2        EV:  8    Int:  4 (5)  God:
Gold:   256        SH:  0    Dex:  7 (9)  Spells: 6/6 levels left

rFire   . . .        j - +1 scythe (antimagic)
rCold   . . .        (shield currently unavailable)
rNeg    . . .        i - +0 chain mail
rPois   .            (helmet restricted)
rElec   .            (no cloak)
rCorr   .            o - +0 pair of gloves
SInv    .            (no boots)
Will    .....        e - amulet of the acrobat Stlth
                     (no ring)
HPRegen 0.30/turn    (no ring)
MPRegen 0.08/turn

%: acrobat
@: studying Summonings
A: horns 2, retaliatory headbutt
a: no special abilities


You were on level 5 of the Dungeon.
You visited 1 branch of the dungeon, and saw 5 of its levels.

You collected 256 gold pieces.

Inventory:

Hand Weapons
 a - a +0 war axe
 j - a +1 antimagic scythe (weapon)
Missiles
 v - 11 poisoned darts
Armour
 i - a +0 chain mail (worn)
 k - an orb of light
 o - a +0 pair of gloves (worn)
 x - a +0 buckler of protection
Jewellery
 e - an amulet of the acrobat (around neck)
Wands
 u - a wand of mindburst (7)
Scrolls
 f - 4 scrolls of identify {unknown}
 g - a scroll of amnesia {unknown}
 h - 3 scrolls of fog {unknown}
 n - 2 scrolls of immolation {unknown}
 q - a scroll of enchant weapon {unknown}
 t - a scroll of vulnerability {unknown}
Potions
 b - 2 potions of curing {unknown}
 d - a potion of might
 l - 2 potions of lignification {unknown}
 m - 2 potions of haste {unknown}
 p - a potion of degeneration
 r - a potion of attraction {unknown}
 s - a potion of cancellation {unknown}
 w - a potion of heal wounds {unknown}


   Skills:
 + Level 4.9 Fighting
 + Level 5.2(5.8) Axes
 + Level 3.4(4.9) Polearms
 + Level 5.8 Armour
 + Level 1.0 Dodging
 + Level 0.4 Stealth
 + Level 4.3 Shields


You had 6 spell levels left.
You didn't know any spells.
Your spell library contained the following spells:

 Spells                   Type           Power      Damage    Failure   Level
 Sting                    Tmut/Pois      0%         1d3       98%         1
 Ensorcelled Hibernation  Hex/Ice        0%         N/A       99%         2
 Passwall                 Tmut/Erth      0%         N/A       99%         2
 Poisonous Vapours        Pois/Air       0%         N/A       99%         2
 Dazzling Flash           Conj/Hex       0%         N/A       100%        3
 Swiftness                Air            0%         N/A       100%        3
 Volatile Blastmotes      Fire/Tloc      0%         2d10      100%        3
 Olgreb's Toxic Radiance  Pois           0%         N/A       100%        4
 Starburst                Conj/Fire      0%         6d3       100%        6
 Maxwell's Capacitive Co  Air            0%         ∞         100%        8


Dungeon Overview and Level Annotations

Branches:
Dungeon (5/15)
 Temple: D:4-7

Altars:


Innate Abilities, Weirdness & Mutations

You have a pair of horns on your head.
You reflexively headbutt those who attack you in melee.


Message History

The gnoll hits you but does no damage. The iguana closely misses you.
The gnoll hits you but does no damage. The iguana bites you.
The gnoll closely misses you. The jelly barely misses you.
You furiously retaliate!
You headbutt the jelly! The gnoll hits you but does no damage.
You hit the iguana. Your headbutt misses the iguana.
The iguana is moderately wounded.
The gnoll hits you with a +0 club. The gnoll hits you with a +0 flail!
The jelly hits you but does no damage.
The iguana bites you but does no damage.
The gnoll hits you with a +0 spear!
You hit the iguana.
The iguana is heavily wounded.
The gnoll barely misses you. You furiously retaliate!
You headbutt the gnoll, but do no damage.
The gnoll barely misses you. You furiously retaliate!
You headbutt the gnoll!
You kill the gnoll!
The jelly hits you but does no damage.
The iguana bites you but does no damage.
The gnoll hits you but does no damage.
You closely miss the gnoll. The gnoll hits you with a +0 club.
The iguana bites you.
* * * LOW HITPOINT WARNING * * *
The jelly jiggles.
The jelly hits you but does no damage. The gnoll hits you but does no damage.
You barely miss the gnoll.
You headbutt the gnoll, but do no damage.
The gnoll hits you with a +0 club.
* * * LOW HITPOINT WARNING * * *
The iguana bites you but does no damage.
The jelly hits you but does no damage. The gnoll misses you.
The gnoll completely misses you.
The iguana bites you but does no damage.
The jelly closely misses you. The gnoll hits you with a +0 spear!
* * * LOW HITPOINT WARNING * * *
It was a potion of degeneration.
There was something very wrong with that liquid.
You feel weakened.
You feel dopey.
You feel clumsy. The gnoll hits you but does no damage. The iguana bites you.
You die...

......#.........##
..##.....)......###
..##..............#
..###.......>.....## #
...##..............## .##
...#................#...#
.......##...............#
.....#####..#...l)......#
..##. .# #..###.@J......#
..## ..#....##..gg......#
...##................##..
.......# ...........## .
....### ..#........#
....# # #......... ...###
####....... ...#.##
#......). ......#


You could see an iguana, a jelly and 2 gnolls.

Vanquished Creatures
  Sigmund (D:2)
  A phantom (D:5)
  A scorpion (D:4)
  A jelly (D:4)
  A hound (D:4)
  An orc wizard (D:4)
  6 gnolls
  2 adders
  3 dart slugs
  8 orcs
  8 ball pythons
  2 endoplasms
  2 giant cockroaches
  4 goblins
  2 hobgoblins (D:1)
  6 jackals
  3 quokkas (D:1)
  7 bats
  2 frilled lizards
  2 kobolds
  5 rats
68 creatures vanquished.

Vanquished Creatures (others)
  A bat (D:2)
1 creature vanquished.

Grand Total: 69 creatures vanquished

Notes
Turn   | Place    | Note
-------+----------+-------------------------------------------
     0 | D:1      | Fodor the Minotaur Fighter began the quest for the Orb.
     0 | D:1      | Reached XP level 1. HP: 19/19 MP: 0/0
   218 | D:1      | Reached XP level 2. HP: 27/27 MP: 1/1
   958 | D:1      | Reached XP level 3. HP: 33/33 MP: 2/2
  1110 | D:2      | Noticed Sigmund
  1120 | D:2      | Killed Sigmund
  1121 | D:2      | Reached XP level 4. HP: 31/41 MP: 0/3
  1121 | D:2      | Reached XP level 5. HP: 35/47 MP: 0/4
  1706 | D:2      | Reached skill level 5 in Axes
  1752 | D:2      | Reached skill level 5 in Armour
  2411 | D:3      | Noticed a glass eye
  2413 | D:3      | Found a faded altar of an unknown god.
  2418 | D:3      | Noticed a great orb of eyes
  2423 | D:3      | Noticed a great orb of eyes
  2423 | D:3      | Noticed a great orb of eyes
  2871 | D:4      | Reached XP level 6. HP: 50/53 MP: 1/5
  3097 | D:4      | Reached skill level 1 in Polearms
  3125 | D:4      | Reached skill level 1 in Dodging
  3293 | D:5      | Entered Level 5 of the Dungeon
  3372 | D:5      | Reached XP level 7. HP: 60/60 MP: 2/6
  3427 | D:5      | HP: 3/60 [gnoll/+0 spear (7)]
  3428 | D:5      | Slain by an iguana

Illustrated notes

Levels and vault maps discovered:
D:1:      enne_arrival_octagon_isle, layout_basic, kennysheep_nondescript,
          minmay_tetromino_o2
D:2:      layout_loops_corners, uniq_sigmund
D:3:      layout_basic, hellmonk_ecumenical_altar_watching_god
D:4:      layout_basic
D:5:      layout_cave_pools, kennysheep_windowed_goal

Skill      XL: |  1  2  3  4  5  6 |
---------------+-------------------+-----
Axes           | 3 4 5 |  5.2
Shields        | 4 |  4.3
Armour         | 4 5 |  5.8
Fighting       | 4 |  4.9
Polearms       | 3 |  3.4
Dodging        | 1 |  1.0
Stealth        | |  0.4

Action                     |  1- 3 |  4- 6 |  7- 9 || total
---------------------------+-------+-------+-------++-------
  Melee: War axe           |    45 |       |       ||    45
         Headbutt          |     3 |    12 |     1 ||    16
         Halberd           |       |    79 |    11 ||    90
    Use: Potion            |       |       |     1 ||     1
 Armour: Scale mail        |    14 |       |       ||    14
         Chain mail        |    12 |    74 |    34 ||   120
  Dodge: Dodged            |    46 |    75 |    24 ||   145
  Block: Buckler           |    13 |       |       ||    13

Table legend: (Time is in decaauts)
 A = Elapsed time spent in this place.
 B = Non-inter-level travel time spent in this place.
 C = Inter-level travel time spent in this place.
 D = Time resting spent in this place.
 E = Time spent auto-exploring this place.
 F = Levels seen in this place.
 G = Mean time per level.
                   A        B        C        D        E       F      G
               +--------+--------+--------+--------+--------+-----+--------+
         Total |   3472 |   3419 |     53 |    207 |      0 |   5 |  694.4 |
       Dungeon |   3472 |   3419 |     53 |    207 |      0 |   5 |  694.4 |
               +--------+--------+--------+--------+--------+-----+--------+

Top non-repeatable levels by time:
     D:1: 1069 daAuts
     D:2: 1023 daAuts
     D:3: 758 daAuts
     D:4: 475 daAuts
     D:5: 144 daAuts
